 Dungeon Sprint DCSS version 0.21.1-1-g345015f (webtiles) character file.

4837 Fang the Severer (level 10, -2/74 HPs)
             Began as a Gargoyle Berserker on June 23, 2018.
             Was the Champion of Trog.
             Slain by a death yak (10 damage)
             ... in the Dungeon (Sprint VII: "The Pits").
             The game lasted 00:03:25 (2315 turns).

Fang the Severer (Gargoyle Berserker)               Turns: 2315, Time: 00:03:26

Health: -2/74      AC: 23    Str: 24    XL:     10   Next: 49%
Magic:  10/10      EV: 10    Int:  8    God:    Trog [******]
Gold:   0          SH:  0    Dex:  9    Spells: 9/9 levels left

rFire    . . .     SeeInvis .   b - +7 battleaxe (elec)
rCold    . . .     Gourm    .   (shield currently unavailable)
rNeg     + . .     Faith    .   t - +3 plate armour
rPois    ∞         Spirit   .   (no helmet)
rElec    +         Reflect  .   (no cloak)
rCorr    .         Harm     .   (no gloves)
MR       .....     NoTele   +   (no boots)
Stlth    ..........             (no amulet)
HPRegen  0.22/turn              (no ring)
MPRegen  0.12/turn              (no ring)

@: berserk cooldown, slowed, very slow
A: negative energy resistance 1, electricity resistance, unbreathing,
petrification resistance, rot immunity, AC +7
a: Berserk, Trog's Hand, Brothers in Arms, Burn Spellbooks, Renounce Religion


You were in the Dungeon.
You worshipped Trog.
Trog was exalted by your worship.
You were hungry.

You visited 1 branch

Inventory:

Hand Weapons
 a - a +2 antimagic battleaxe
 b - a +7 battleaxe of electrocution (weapon)
 j - a +2 hand axe
 n - a +0 hand axe of chopping
 s - a +1 broad axe of freezing
Armour
 t - a +3 plate armour (worn)
Jewellery
 p - a +3 ring of dexterity
 r - a +3 ring of evasion
Scrolls
 i - a scroll of blinking
 l - 3 scrolls of remove curse
 m - a scroll of summoning
Potions
 d - 8 potions of curing
 e - 10 potions of heal wounds
 f - a potion of haste
 g - 4 potions of magic
 h - 5 potions of berserk rage
 k - 2 potions of invisibility
 o - a potion of degeneration {unknown}
 q - a potion of resistance
Comestibles
 c - 7 rations


   Skills:
 + Level 13.6 Fighting
 + Level 15.6 Axes
 + Level 7.9 Armour
 + Level 7.5 Dodging
 + Level 3.7 Stealth


You had 9 spell levels left.
You didn't know any spells.

Dungeon Overview and Level Annotations

Branches:
Dungeon (1/1)

Altars:
Cheibriados
Dithmenos
Elyvilon
Fedhas
Gozag
Hepliaklqana
Makhleb
Nemelex Xobeh
Okawaru
Qazlal
Ru
Sif Muna
Trog
Vehumet
Wu Jian
Xom
Yredelemnul
Zin
The Shining One
Beogh
Jiyva
Lugonu

Annotations:
D Arachne


Innate Abilities, Weirdness & Mutations

You are resistant to torment.
Your stone body is resilient. (AC +7)
You are immune to poison.
You resist negative energy. (rN+)
You are resistant to electric shocks. (rElec)
You can survive without breathing.
You are immune to petrification.
You are immune to rotting.


Message History

All of the chunks of flesh in your inventory have rotted away.
There is a web here.
The web tears apart.
The orc warrior barely misses you.
The death yak gores you but does no damage.
You hit the death yak.
The death yak is lightly wounded.
You barely miss the warg. You slash Arachne!
Arachne hits you but does no damage. The warg bites you but does no damage.
The death yak gores you!
Arachne points her staff at you, shooting a stream of webbing.
The stream of webbing hits you!
You are caught in a web!
The warg bites you but does no damage.
Unknown command.
The web tears apart.
Arachne hits you with a staff of poison!!
* * * LOW HITPOINT WARNING * * *
The death yak gores you but does no damage.
The warg bites you but does no damage. Arachne hits you but does no damage.
The death yak gores you!
You die...

.........+ ..#......#
.........# ##''######
##''##### ###########
##......# #.........#
##......# #.......#
###....## ####.H.#### #
##''## ###..+.@YYoo#
###....###....##h##Y....#
##......#....##.o.##....#
##......'....'.)...+....+
##......#....##...## ...#
###....###....##+## ...#
# ##++## ###..+ #..# #
#### ### #


You could see Arachne, 3 death yaks, a warg, an orc warrior and 2 orcs.

Vanquished Creatures
  An orc high priest (D)
  2 shadow wraiths (D)
  2 black mambas (D)
  A demonic crawler (D)
  A kobold demonologist (D)
  A merfolk (D)
  A tyrant leech (D)
  A blink frog (D)
  A tarantella (D)
  A flying skull (D)
  A redback (D)
  A wraith (D)
  A water moccasin (D)
  A small abomination (D)
  2 orc warriors (D)
  An ice beast (D)
  An eye of draining (D)
  An ogre (D)
  A scorpion (D)
  A gnoll shaman (D)
  Crazy Yiuf (D)
  A mummy (D)
  A gnoll (D)
  2 adders (D)
  A white imp (D)
  An ufetubus (D)
  A ball python (D)
  A bat (D)
  A bat zombie (D)
  2 giant cockroaches (D)
  A kobold (D)
  A quokka (D)
  A jackal skeleton (D)
  A leopard gecko skeleton (D)
  3 rats (D)
42 creatures vanquished.

Notes
Turn   | Place    | Note
-------+----------+-------------------------------------------
     0 | D        | Fang the Gargoyle Berserker began the quest for the Orb.
     0 | D        | Reached XP level 1. HP: 14/14 MP: 1/1
    24 | D        | Reached skill level 3 in Axes
    24 | D        | Reached XP level 2. HP: 11/20 MP: 2/2
   171 | D        | Found a bloodstained altar of Trog.
   171 | D        | Found a deep blue altar of Sif Muna.
   171 | D        | Found a viscous altar of Jiyva.
   171 | D        | Found a hazy altar of Hepliaklqana.
   171 | D        | Found an opulent altar of Gozag.
   172 | D        | Found a glowing golden altar of the Shining One.
   172 | D        | Found a glowing silver altar of Zin.
   172 | D        | Found a basalt altar of Yredelemnul.
   172 | D        | Found a shimmering altar of Xom.
   172 | D        | Found an ornate altar of the Wu Jian Council.
   172 | D        | Found a sacrificial altar of Ru.
   172 | D        | Found a stormy altar of Qazlal.
   172 | D        | Found an iron altar of Okawaru.
   172 | D        | Found a sparkling altar of Nemelex Xobeh.
   172 | D        | Found a burning altar of Makhleb.
   172 | D        | Found a blossoming altar of Fedhas.
   172 | D        | Found a white marble altar of Elyvilon.
   172 | D        | Found a shadowy altar of Dithmenos.
   172 | D        | Found a snail-covered altar of Cheibriados.
   174 | D        | Found a radiant altar of Vehumet.
   174 | D        | Found a corrupted altar of Lugonu.
   174 | D        | Found a roughly hewn altar of Beogh.
   220 | D        | Reached ** piety under Trog
   220 | D        | Reached skill level 4 in Axes
   374 | D        | Reached *** piety under Trog
   380 | D        | Reached skill level 5 in Fighting
   380 | D        | Reached XP level 3. HP: 18/26 MP: 3/3
   535 | D        | Noticed a scorpion
   539 | D        | Reached **** piety under Trog
   544 | D        | Reached skill level 5 in Axes
   547 | D        | Killed a scorpion
   547 | D        | Reached skill level 6 in Axes
   547 | D        | Reached XP level 4. HP: 32/32 MP: 4/4
   697 | D        | Noticed Crazy Yiuf
   706 | D        | Killed Crazy Yiuf
   706 | D        | Reached XP level 5. HP: 37/37 MP: 5/5
   716 | D        | Noticed an ogre
   720 | D        | Killed an ogre
   720 | D        | Reached skill level 7 in Axes
   752 | D        | Noticed a blink frog
  1515 | D        | Noticed a kobold demonologist
  1516 | D        | Noticed a flying skull
  1516 | D        | Noticed a water moccasin
  1519 | D        | Noticed an ice devil
  1520 | D        | Reached ***** piety under Trog
  1520 | D        | Reached skill level 8 in Axes
  1520 | D        | Reached XP level 6. HP: 44/44 MP: 6/6
  1524 | D        | Killed a water moccasin
  1524 | D        | Reached skill level 5 in Dodging
  1524 | D        | Reached skill level 1 in Stealth
  1533 | D        | Killed a flying skull
  1533 | D        | Reached skill level 9 in Axes
  1533 | D        | Reached XP level 7. HP: 51/51 MP: 7/7
  1534 | D        | Killed a kobold demonologist
  1534 | D        | Received a gift from Trog
  1534 | D        | Reached skill level 10 in Fighting
  1534 | D        | Reached skill level 10 in Axes
  1695 | D        | Killed a blink frog
  1695 | D        | Reached skill level 11 in Axes
  1695 | D        | Reached XP level 8. HP: 45/58 MP: 2/8
  1779 | D        | Noticed a wraith
  1782 | D        | Killed a wraith
  1789 | D        | Killed a shadow wraith
  1789 | D        | Reached skill level 12 in Axes
  1841 | D        | Noticed a tarantella
  1841 | D        | Noticed a redback
  1845 | D        | Killed a redback
  1845 | D        | Reached XP level 9. HP: 65/65 MP: 3/9
  1855 | D        | Reached skill level 13 in Axes
  1861 | D        | Reached ****** piety under Trog
  1861 | D        | Received a gift from Trog
  1861 | D        | Reached skill level 5 in Armour
  2090 | D        | Noticed a tyrant leech
  2090 | D        | Noticed a merfolk
  2099 | D        | Killed a tyrant leech
  2105 | D        | Killed a merfolk
  2220 | D        | Noticed a demonic crawler
  2220 | D        | Noticed a black mamba
  2226 | D        | Killed a black mamba
  2226 | D        | Reached skill level 14 in Axes
  2230 | D        | Killed a demonic crawler
  2293 | D        | Noticed an orc high priest
  2293 | D        | Noticed a death yak
  2293 | D        | Noticed a death yak
  2294 | D        | Noticed Arachne
  2295 | D        | Noticed a death yak
  2296 | D        | Noticed a black mamba
  2297 | D        | Received a gift from Trog
  2297 | D        | Reached XP level 10. HP: 72/72 MP: 10/10
  2301 | D        | Noticed a soul eater
  2301 | D        | Noticed a sixfirhy
  2304 | D        | Noticed a sixfirhy
  2307 | D        | Killed an orc high priest
  2307 | D        | Reached skill level 15 in Axes
  2309 | D        | Killed a black mamba
  2310 | D        | Killed a shadow wraith
  2315 | D        | Slain by a death yak

Skill      XL: |  1  2  3  4  5  6  7  8  9 10 |
---------------+-------------------------------+-----
Fighting       | 4 5 6 7 9 10 11 12 13 | 13.6
Axes           | 3 4 6 8 9 11 12 14 15 | 15.6
Dodging        | 2 3 4 5 6 7 |  7.5
Armour         | 3 4 6 7 |  7.9
Stealth        | 1 2 3 |  3.7

Action                   |  1- 3 |  4- 6 |  7- 9 | 10-12 || total
-------------------------+-------+-------+-------+-------++-------
Melee: Hand axe          |    42 |    40 |     3 |       ||    85
       Battleaxe         |       |       |    48 |    12 ||    60
Invok: Berserk           |     1 |     4 |     5 |       ||    10
  Eat: Chunk             |       |     3 |     3 |       ||     6
       Ration            |       |     1 |     1 |       ||     2
Armor: Animal skin       |    16 |     8 |       |       ||    24
       Plate armour      |       |       |    46 |    19 ||    65
Dodge: Dodged            |    47 |    20 |    32 |     9 ||   108
